Map: Golden Wall LE

Players

JohnnyV - Winner!

  • Race: Terran Terran
  • League: Silver
  • Spawn Location: 5:00

stormtrooper

  • Race: Terran Terran
  • Spawn Location: 7:00

VOD

Have the link to the VOD?

Description

Time

  • Played on: May 8, 2020, 4:20 p.m.
  • Length: 12:27
Show
View Real Time Build Order
Export as new Build Order

JohnnyV Terran - Winner!

Build Orders: Liberator Opening 

Get SALT Encoding   

  12  0:01  SCV  
  13  0:13  SCV  
  14  0:18  Supply Depot  
  14  0:26  Refinery  
  14  0:28  SCV  
  15  0:41  Barracks  
  15  0:45  SCV  
  16  0:57  SCV  
  17  1:09  SCV  
  18  1:17  Supply Depot  
  18  1:21  SCV  
  19  1:29  Reaper  
  20  1:33  SCV  
  21  1:46  SCV  
  22  1:48  Bunker  
  22  1:54  Factory  
  22  1:58  SCV, Refinery  
  23  2:04  Barracks Reactor  
  23  2:10  SCV  
  25  2:28  Orbital Command  
  24  2:40  Factory Tech Lab  
  24  2:44  Marine x2  
  23  2:49  Command Center  
  25  3:01  Starport  
  28  3:05  Siege Tank  
  28  3:14  Marine  
  28  3:15  Marine  
  28  3:17  SCV  
  31  3:40  Engineering Bay  
  31  3:47  Supply Depot  
  31  3:57  Supply Depot  
  31  4:00  SCV, Siege Tank, Marine x2, Liberator  
  40  4:09  Orbital Command  
  40  4:17  SCV, Refinery  
  40  4:20  Marine  
  40  4:22  Marine  
  43  4:27  Terran Infantry Weapons Level 1  
  43  4:38  Fusion Core  
  43  4:42  Marine x2  
  45  4:54  Factory Tech Lab  
  45  5:05  Liberator  
  48  5:18  Marine x2  
  48  5:20  Siege Tank  
  53  5:26  Supply Depot  
  53  5:27  SCV x2, Supply Depot  
  55  5:43  Marine  
  55  5:44  Marine  
  57  5:55  Missile Turret  
  57  5:56  Missile Turret  
  57  5:57  Battlecruiser  
  63  6:19  Marine x2  
  63  6:20  Siege Tank  
  68  6:34  SCV x2  
  70  6:42  Sensor Tower  
  70  6:46  SCV x2  
  72  6:49  Missile Turret  
  72  6:55  Terran Infantry Armor Level 1  
  72  6:57  Sensor Tower  
  69  7:33  SCV x2  
  69  7:36  Battlecruiser  
  77  7:37  Marine  
  78  8:07  Supply Depot x2, Weapon Refit  
  78  8:12  Barracks  
  78  8:15  Barracks  
  78  8:17  SCV x2, Marine  
  81  8:29  SCV x2  
  82  8:41  SCV  
  82  8:42  Marine x2  
  82  8:43  Siege Tank  
  88  8:53  SCV, Battlecruiser  
  95  9:12  Marine x2  
  97  9:21  Barracks Tech Lab x2  
  97  9:24  Barracks Reactor  
  97  9:26  Siege Tank  
  97  9:30  Marine x2  
  102  9:43  Command Center  
  102  9:49  Refinery  
  102  9:51  Refinery, Marine x2  
  104  9:55  SCV x2  
  106  10:40  SCV x2  
  108  10:50  Marine x2  
  108  10:52  Marine x3, Siege Tank  
  104  11:08  Marine  
  96  11:13  Engineering Bay  
  96  11:16  Engineering Bay  
  96  11:24  Siege Tank  
  99  11:32  Orbital Command  
  99  11:35  SCV x2  
  99  11:36  Marine x4  
  99  11:37  Marine  
  111  11:55  Marine x4  
Show
View Real Time Build Order
Export as new Build Order

stormtrooper Terran 

Build Orders:  

Get SALT Encoding   

  12  0:03  SCV  
  13  0:13  Supply Depot  
  13  0:23  Refinery  
  13  0:25  SCV  
  14  0:39  Barracks  
  14  0:43  SCV  
  15  0:59  SCV  
  16  1:11  SCV  
  16  1:16  Refinery  
  17  1:23  SCV  
  18  1:27  Supply Depot, Reaper  
  19  1:36  SCV  
  20  1:40  Barracks  
  20  1:48  SCV  
  21  1:59  Reaper  
  21  2:00  SCV  
  23  2:22  Supply Depot  
  23  2:28  Factory  
  23  2:46  Reaper  
  24  2:52  Barracks  
  23  3:18  Reaper  
  24  3:34  Barracks Reactor  
  24  3:37  Widow Mine  
  26  3:45  Engineering Bay  
  26  3:48  SCV  
  26  3:50  Reaper  
  28  3:59  Widow Mine  
  30  4:09  Starport  
  30  4:19  Factory  
  30  4:20  Widow Mine  
  30  4:22  Reaper  
  33  4:41  Orbital Command, Widow Mine  
  35  4:49  Marine x2  
  37  4:54  Marine  
  38  5:06  Marine  
  39  5:21  Marine  
  39  5:22  Marine  
  39  5:24  Marine  
  39  5:25  Factory Tech Lab  
  39  5:26  Widow Mine  
  37  5:29  SCV  
  33  5:39  Marine  
  33  5:40  Marine  
  33  5:41  SCV  
  33  5:42  Marine  
  37  5:48  Widow Mine  
  39  6:03  Starport  
  39  6:12  SCV, Marine  
  39  6:35  Missile Turret  
  39  6:36  Missile Turret  
  39  6:37  Missile Turret  
  39  7:19  SCV  
  39  7:21  Widow Mine  
  38  7:23  Viking  
  38  7:27  Missile Turret  
  39  7:30  Missile Turret  
  39  7:34  SCV  
  38  7:43  Widow Mine  
  39  7:47  SCV  
  39  7:49  Viking  
  38  7:53  Siege Tank  
  38  7:59  SCV  
  39  8:07  Missile Turret  
  39  8:10  Missile Turret x2  
  39  8:11  Missile Turret  
  39  8:37  SCV, Widow Mine  
  42  8:48  Supply Depot  
  42  8:49  SCV  
  43  9:01  SCV  
  44  9:33  Viking x2  
  48  9:47  Engineering Bay  
  48  10:02  Viking  
  48  10:03  Viking  
  48  10:04  Supply Depot  
  48  10:32  Viking  
  48  10:33  Viking  
  43  11:09  Viking x2  
  43  11:39  Viking x2  
Tags
 
League
Silver
Matchup
TvT
Race
Terran
Spawn Locations
Close Positions
Add a new tag
Caveats
  • Supply blocks, unpowered buildings, or Contaminate may cause inaccurate times.
  • Supply counts are checked every 10 seconds.